 Dungeon Crawl Stone Soup version 0.30.1-9-gdf580d7c3d (webtiles) character file.

Game seed: 1230797677812672637

35 adizb the Stinger (level 3, -7/30 HPs)
             Began as a Naga Venom Mage on Oct 24, 2023.
             Mangled by a worm (11 damage)
             ... on level 2 of the Dungeon.
             The game lasted 00:05:35 (789 turns).

adizb the Stinger (Naga Venom Mage)                  Turns: 789, Time: 00:05:36

Health: -7/30      AC:  2    Str: 10    XL:     3   Next: 33%
Magic:  5/6        EV: 10    Int: 17    God:
Gold:   55         SH:  0    Dex: 11    Spells: 5/6 levels left

rFire   . . .        c - +0 whip
rCold   . . .        (no shield)
rNeg    . . .        a - +0 robe
rPois   +            (no helmet)
rElec   .            (no cloak)
rCorr   .            (no gloves)
SInv    +            (no barding)
Will    .....        (no amulet)
Stlth   ++           (no ring)
HPRegen 0.25/turn    (no ring)
MPRegen 0.10/turn

%: no passive effects
@: flying, very slightly contaminated, very slow
A: AC +1, large, see invisible, deformed body, poison resistance, slowness 2,
spit poison 1, naga tail 1
a: Spit Poison


You were on level 2 of the Dungeon.
You visited 1 branch of the dungeon, and saw 2 of its levels.

You collected 55 gold pieces.

Inventory:

Hand Weapons
 c - a +0 whip (weapon)
Armour
 a - a +0 robe (worn)
 d - a +0 chain mail
Magical Staves
 j - a staff of death
Scrolls
 h - a scroll of noise {unknown}
 i - 2 scrolls of amnesia
Potions
 b - a potion of magic
 e - a potion of flight
 f - a potion of heal wounds {unknown}
 g - a potion of mutation {unknown}


   Skills:
 + Level 0.6 Fighting
 + Level 0.9 Maces & Flails
 + Level 1.9 Dodging
 + Level 3.5 Stealth
 + Level 2.2 Spellcasting
 + Level 1.3 Transmutations
 + Level 4.2 Poison Magic


You had 5 spell levels left.
You knew the following spells:

 Your Spells              Type           Power      Damage    Failure   Level
a - Sting                 Tmut/Pois      44%        1d5       6%          1

Your spell library contained the following spells:

 Spells                   Type           Power      Damage    Failure   Level
 Poisonous Vapours        Pois/Air       18%        N/A       12%         2
 Mephitic Cloud           Conj/Pois/Air  6%         N/A       32%         3
 Olgreb's Toxic Radiance  Pois           16%        N/A       32%         4
 Volatile Blastmotes      Fire/Tloc      2%         2d10      50%         3
 Ice Form                 Ice/Tmut       4%         N/A       82%         4
 Fulminant Prism          Conj/Hex       0%         3d5       88%         4
 Iskenderun's Mystic Bla  Conj/Tloc      1%         2d3       88%         4
 Lee's Rapid Deconstruct  Erth           0%         3d4*      99%         5
 Conjure Ball Lightning   Conj/Air       0%         3x3d6     100%        6


Dungeon Overview and Level Annotations

Branches:
Dungeon (2/15)

Altars:


Innate Abilities, Weirdness & Mutations

Your serpentine skin is tough. (AC +1)
You have supernaturally acute eyesight. (SInv)
Armour fits poorly on your strangely shaped body.
Your system is resistant to poisons. (rPois)
You cover ground very slowly.
You can spit poison.
You have a snake-like lower body.


Message History

The quokka barely misses you. The worm barely misses you.
You barely miss the quokka.
The quokka is severely wounded.
The worm looks more healthy.
The quokka bites you but does no damage.
The quokka barely misses you.
You hit the quokka.
You kill the quokka!
The worm barely misses you.
You closely miss the rat. The rat bites you. The worm bites you!
You completely miss the rat. The rat closely misses you.
You closely miss the rat.
The frilled lizard hisses angrily.
A jackal comes into view.
The worm bites you! The rat bites you but does no damage.
You closely miss the rat. The rat barely misses you. The worm bites you.
* * * LOW HITPOINT WARNING * * *
You barely miss the rat. The rat barely misses you.
Aiming: Sting (safe; 6% risk of failure)
Press: ? - help, Q - select action, (/) - cycle Shift-Dir - straight line, f - worm
Aim: a worm (90% to hit)
You miscast Sting.
You are very lightly contaminated with residual magic.
Nothing appears to happen.
The jackal barks!
The rat closely misses you.
A quokka comes into view.
The worm bites you.
* * * LOW HITPOINT WARNING * * *
As you read the scroll labelled LUOW JOIFUDE, it crumbles to dust.
It is a scroll of amnesia.
Really abort (and waste the scroll)?
Okay, then.
The rat bites you.
* * * LOW HITPOINT WARNING * * *
A ball python comes into view.
It was a potion of flight.
You feel very buoyant.
You fly up into the air.
The worm bites you!
You die...

#.#...............
#####.#.#.####.#.##.#
....................##
##..........).........
###.##.#.####.#.######.#
#.##.#................
###.##.######.#.###..#.#
#.#.##.# #.#........#
#<#.# #.#@r#####..
##.#.# #+wl#r# .....#
...#h#.# #..### .....
#.#$# #..# .)..... #?8?#
#..# ....... #(#.# #..#
.#.###. #S#. #..# #. #.
#. #..#


You could see a worm, a quokka, a jackal, a ball python (wandering), a frilled
lizard and a rat.

Vanquished Creatures
  2 dart slugs (D:1)
  4 ball pythons
  A bat (D:2)
  2 giant cockroaches (D:1)
  3 goblins (D:1)
  4 hobgoblins (D:1)
  3 jackals (D:1)
  A kobold (D:2)
  A quokka (D:2)
  5 rats (D:1)
26 creatures vanquished.

Notes
Turn   | Place    | Note
-------+----------+-------------------------------------------
     0 | D:1      | adizb the Naga Venom Mage began the quest for the Orb.
     0 | D:1      | Reached XP level 1. HP: 15/15 MP: 3/3
   200 | D:1      | Reached XP level 2. HP: 22/22 MP: 5/5
   258 | D:1      | Found a faded altar of an unknown god.
   332 | D:1      | Got the Anthology of Grandeur
   402 | D:1      | Reached XP level 3. HP: 30/30 MP: 6/6
   789 | D:2      | Mangled by a worm

Illustrated notes

Levels and vault maps discovered:
D:1:      matt_arrival_grand_opening, layout_basic,
          ebering_ecumenical_altar_webs, minmay_cupped
D:2:      layout_basic, serial_shops, shop, minmay_circle_x

Action                     || total
---------------------------++-------
  Melee: Whip              ||    48
   Cast: Sting             ||     4
Ability: Spit Poison       ||    19
    Use: Scroll            ||     1
         Potion            ||     1
   Stab: Sleeping          ||     1
 Armour: Robe              ||     6
  Dodge: Dodged            ||    30
